 Dungeon Crawl Stone Soup version 0.24-a0-7-g1bb0902669 (webtiles) character file.

364150 Majang the Eclecticist (level 22, -23/136 HPs)
             Began as a Gargoyle Earth Elementalist on Jan 29, 2019.
             Was the Champion of Vehumet.
             Annihilated by a caustic shrike (28 damage)
             ... on level 2 of the Depths on Jan 31, 2019.
             The game lasted 06:19:04 (55162 turns).

Majang the Eclecticist (GrEE)                      Turns: 55162, Time: 06:19:04

Health: -23/136    AC: 12    Str: 17    XL:     22   Next: 51%
Magic:  27/57      EV: 19    Int: 27    God:    Vehumet [******]
Gold:   840        SH:  6    Dex: 10    Spells: 21/56 levels left

rFire    + . .     SeeInvis .   b - staff of conjuration
rCold    + . .     Gourm    .   I - +2 buckler
rNeg     + . .     Faith    .   W - +2 robe {Archmagi}
rPois    ∞         Spirit   .   j - +2 hat
rElec    +         Reflect  .   R - scarf {rC+ rF+}
rCorr    .         Harm     .   F - +2 pair of gloves {Str+3}
MR       +....     Clarity  +   k - +1 pair of boots (curse)
Stlth    ++........             u - amulet of magic regeneration
HPRegen  0.32/turn              q - +3 ring of intelligence
MPRegen  0.60/turn              E - ring of magical power

@: corroded, flying
A: big wings, horns 1, repulsion field 1, clarity, high mp 1, negative energy
resistance 1, electricity resistance, unbreathing, petrification resistance, rot
immunity, AC +16
}: 2/15 runes: decaying, gossamer
a: Stop Flying, Renounce Religion


You were on level 2 of the Depths.
You worshipped Vehumet.
Vehumet was exalted by your worship.
You were not hungry.

You visited 9 branches of the dungeon, and saw 40 of its levels.
You also visited: Sewer and Gauntlet.

You collected 4054 gold pieces.
You spent 3214 gold pieces at shops.

Inventory:

Hand Weapons
 a - a +7 whip of freezing
Missiles
 p - 366 stones (quivered)
Armour
 j - a +2 hat (worn)
 k - a cursed +1 pair of boots (worn)
 z - a +2 leather armour of fire resistance
 F - a +2 pair of gloves of strength (worn)
 I - a +2 buckler (worn)
 K - a +2 robe of positive energy
 O - a +4 troll leather armour
 R - a scarf of resistance (worn)
 W - a +2 robe of the Archmagi (worn)
Magical Staves
 b - an uncursed staff of conjuration (weapon)
 P - an uncursed staff of energy
 T - an uncursed staff of wizardry
Jewellery
 q - a +3 ring of intelligence (left hand)
 t - an uncursed ring of protection from magic
 u - an amulet of magic regeneration (around neck)
 x - an uncursed ring of protection from fire
 D - an uncursed amulet of regeneration
 E - a ring of magical power (right hand)
 H - the ring "Zutut" {rCorr rN+}
   (You found it on level 1 of the Swamp)

   [ring of resist corrosion]

   It protects you from negative energy.
 Q - an uncursed ring of see invisible
 S - an uncursed ring of protection from cold
Wands
 o - a wand of iceblast (16)
 A - a wand of clouds (6)
 J - a wand of disintegration (12)
 L - a wand of digging (5)
Scrolls
 c - 10 scrolls of remove curse
 f - 3 scrolls of amnesia
 g - 24 scrolls of teleportation
 h - 27 scrolls of identify
 m - 7 scrolls of fear
 v - a scroll of blinking
 w - a scroll of immolation
 U - 2 scrolls of magic mapping
Potions
 d - 2 potions of magic
 e - 5 potions of haste
 i - 11 potions of heal wounds
 l - 2 potions of flight
 n - 3 potions of mutation
 r - 6 potions of brilliance
 s - 4 potions of ambrosia
 B - 6 potions of agility
 C - 10 potions of curing
 G - 2 potions of resistance
 V - a potion of invisibility
 Y - a potion of cancellation
Miscellaneous
 M - a lightning rod (4/4)
 N - a lamp of fire
 X - a lightning rod (4/4)
Comestibles
 y - 42 rations
 Z - 4 chunks of flesh


   Skills:
 - Level 13.7 Fighting
 - Level 6.2(7.7) Maces & Flails
 - Level 6.8(8.0) Staves
 - Level 6.0 Armour
 - Level 11.1 Dodging
 - Level 2.1 Stealth
 - Level 4.0 Shields
 * Level 17.8 Spellcasting
 + Level 15.0 Conjurations
 - Level 7.0 Necromancy
 - Level 7.0 Translocations
   Level 0.7 Transmutations
 + Level 13.0 Fire Magic
 + Level 16.5 Earth Magic
 - Level 10.0 Evocations


You had 21 spell levels left.
You knew the following spells:

 Your Spells              Type           Power        Failure   Level  Hunger
a - Sandblast             Erth           ######       0%          1    None
b - Stone Arrow           Conj/Erth      ######       0%          3    None
c - Conjure Flame         Conj/Fire      ########     0%          3    None
f - Fireball              Conj/Fire      ########..   1%          5    None
i - Iron Shot             Conj/Erth      ########..   1%          6    ###....
l - Lee's Rapid Deconstr  Erth           ########..   1%          5    None
m - Bolt of Magma         Conj/Fire/Erth ########..   1%          5    None
t - Blink                 Tloc           N/A          1%          2    None
v - Borgnjor's Vile Clut  Necr/Erth      #######...   1%          5    None

Your spell library contained the following spells:

 Spells                   Type           Power        Failure   Level  Hunger
 Lehudib's Crystal Spear  Conj/Erth      ########..   5%          8    ######.
 Ignition                 Fire           #######...   16%         8    ######.
 Glaciate                 Conj/Ice       #######...   100%        9    #######
 Magic Dart               Conj           ####         0%          1    None
 Throw Flame              Conj/Fire      ######       0%          2    None
 Confusing Touch          Hex            #####.       1%          1    None
 Freeze                   Ice            ####         1%          1    None
 Infusion                 Chrm           ####         1%          1    None
 Shock                    Conj/Air       ####         1%          1    None
 Sting                    Conj/Pois      ####         1%          1    None
 Passwall                 Tmut/Erth      #######.     1%          2    None
 Shroud of Golubria       Chrm/Tloc      ######....   1%          2    None
 Throw Frost              Conj/Ice       ######       1%          2    None
 Dazzling Spray           Conj/Hex       ######       1%          3    None
 Gell's Gravitas          Tloc           #######...   1%          3    None
 Ignite Poison            Fire/Tmut/Pois ######..     1%          3    None
 Mephitic Cloud           Conj/Pois/Air  #######.     1%          3    None
 Regeneration             Chrm/Necr      ######....   1%          3    None
 Static Discharge         Conj/Air       #######.     1%          3    None
 Force Lance              Conj/Tloc      ########     1%          4    None
 Petrify                  Tmut/Erth      #######.     1%          4    None
 Throw Icicle             Conj/Ice       #######.     1%          4    None
 Irradiate                Conj/Tmut      #######...   1%          5    None
 Iskenderun's Battlesphe  Conj/Chrm      #######.     1%          5    None
 Lightning Bolt           Conj/Air       #######...   1%          5    None
 Venom Bolt               Conj/Pois      #######...   1%          5    None
 Orb of Destruction       Conj           ########..   1%          7    #####..
 Sticks to Snakes         Tmut           #####...     2%          2    None
 Call Imp                 Summ           #####...     3%          2    None
 Ensorcelled Hibernation  Hex/Ice        #####.       3%          2    None
 Poisonous Vapours        Pois/Air       #####.       3%          2    None
 Slow                     Hex            #####...     3%          2    None
 Song of Slaying          Chrm           #####...     3%          2    None
 Swiftness                Chrm/Air       #####...     3%          2    None
 Conjure Ball Lightning   Conj/Air       #######...   4%          6    ###....
 Airstrike                Air            #####.....   5%          4    None
 Olgreb's Toxic Radiance  Pois           #####...     5%          4    None
 Confuse                  Hex            #####...     6%          3    None
 Ozocubu's Armour         Chrm/Ice       #####...     6%          3    None
 Spectral Weapon          Hex/Chrm       #####...     6%          3    None
 Tukima's Dance           Hex            #####...     6%          3    None
 Yara's Violent Unravell  Hex/Tmut       #####.....   13%         5    None
 Summon Ice Beast         Ice/Summ       #####...     19%         4    None
 Summon Lightning Spire   Summ/Air       #####...     19%         4    None
 Spellforged Servitor     Conj/Summ      #######...   19%         7    #####..
 Alistair's Intoxication  Tmut/Pois      #####...     43%         5    None
 Shatter                  Erth           ########..   45%         9    #######
 Metabolic Englaciation   Hex/Ice        #####.....   47%         5    None
 Silence                  Hex/Air        #####.....   47%         5    None
 Hydra Form               Tmut           #####.....   91%         6    ###....
 Darkness                 Hex            #####.....   96%         6    ###....
 Deflect Missiles         Chrm/Air       #####.....   96%         6    ###....
 Shadow Creatures         Summ           N/A          96%         6    ###....
 Malign Gateway           Summ/Tloc      ######....   98%         7    #####..
 Dragon Form              Tmut           #####.....   100%        7    #####..
 Monstrous Menagerie      Summ           #####.....   100%        7    #####..
 Summon Greater Demon     Summ           #####.....   100%        7    #####..
 Summon Horrible Things   Summ           #####.....   100%        8    ######.
 Tornado                  Air            #####.....   100%        9    #######


Dungeon Overview and Level Annotations

Branches:
Dungeon (15/15)            Temple (1/1) D:7            Lair (6/6) D:8
  Swamp (4/4) Lair:4       Spider (4/4) Lair:2        Slime (0/5) Lair:5
    Orc (2/2) D:12            Elf (2/3) Orc:2        Vaults (4/5) D:13
  Crypt (0/3) Vaults:2     Depths (2/5) D:15

Altars:
Ashenzari
Cheibriados
Dithmenos
Elyvilon
Fedhas
Gozag
Hepliaklqana
Kikubaaqudgha
Makhleb
Nemelex Xobeh
Okawaru
Qazlal
Ru
Sif Muna
Trog
Uskayaw
Vehumet
Wu Jian
Xom
Yredelemnul
Zin
The Shining One
Beogh
Jiyva

Shops:
D:9 !   D:10 [   D:11 *   D:13 *   Orc:1 :!*(?   Orc:2 (([[   Elf:1 %
Vaults:2 (   Vaults:3 *   Depths:1 %

Portals:
Hell: Depths:1
Ziggurat: Depths:1
Trove: Vaults:2 (give +2 gold dragon scales)

Annotations:
D:15 3 runed translucent doors, Edif's ghost, adept DrFE


Innate Abilities, Weirdness & Mutations

You are resistant to torment.
Your stone body is resilient. (AC +16)
You are immune to poison.
Your large and strong wings let you fly indefinitely.
You resist negative energy. (rN+)
You are resistant to electric shocks. (rElec)
You can survive without breathing.
You are immune to petrification.
You are immune to rotting.
You have a pair of small horns on your head.
You are surrounded by a mild repulsion field. (EV +2)
You possess an exceptional clarity of mind.
You have an increased reservoir of magic. (+10% MP)


Message History

The caustic shrike is heavily wounded.
The blast of rock fragments hits the caustic shrike!!
The caustic shrike is heavily wounded.
The caustic shrike claws you but does no damage. x2
Casting: Lee's Rapid Deconstruction (safe; 1% risk of failure)
Confirm with . or Enter, or press ? or * to list all spells.
Aiming: Lee's Rapid Deconstruction (safe; 1% risk of failure)
Press: ? - help, Dir - move target cursor A stone wall.
You feel a surge of power!
The wall shatters!
The blast of rock fragments hits the caustic shrike!!!
The caustic shrike is almost dead.
The blast of rock fragments hits the caustic shrike!!!
The caustic shrike is almost dead.
The caustic shrike claws you!!
* * * LOW HITPOINT WARNING * * *
The acid corrodes you!
You are splashed with acid!
* * * LOW HITPOINT WARNING * * *
The caustic shrike claws you!!
You die...

#########
#...#...#
#...'.<.#
#...#...#
##'#######
#..@#....#
#..bbb...#
#...#....#
#####....#
#.##.# #.#
... #..
....D ###
##....
##..


You could see 3 caustic shrikes.

Vanquished Creatures
  Boris (4 times) (Vaults:2 Vaults:4 Depths:1 Depths:2)
  A caustic shrike (Depths:2)
  A lich (Vaults:3)
  Arachne (Spider:4)
  Rupert (Orc:2)
  3 thorn hunters
  Agnes (Spider:4)
  A fire giant (Vaults:1)
  2 frost giants
  4 deep elf sorcerers
  10 vault wardens
  6 ghost moths
  A deep elf elementalist (Elf:2)
  4 emperor scorpions
  A war gargoyle (Vaults:1)
  6 ironheart preservers
  4 stone giants
  Nessos (D:12)
  A deep elf demonologist (Elf:1)
  8 entropy weavers
  3 spark wasps
  A minotaur (Gauntlet)
  2 deep elf annihilators (Elf:2)
  The ghost of Raghazun the Unseen, a journeyman NaEn of Dithmenos (Lair:4)
  An ettin (shapeshifter) (Vaults:2)
  Snorg (D:13)
  2 ettins
  9 fire dragons
  8 yaktaur captains
  9 ice dragons
  14 ogre magi
  5 great orbs of eyes
  3 rakshasas
  24 hydras
  2 spriggan air magi
  Harold (Lair:2)
  10 vault guards
  Erolcha (D:13)
  2 ghost crabs (Swamp:4)
  52 two-headed ogres
  A catoblepas (Gauntlet)
  23 dancing weapons
  4 centaur warriors
  3 shambling mangroves
  2 death knights
  15 alligators
  3 deep troll earth magi
  A spriggan berserker (Depths:2)
  A shock serpent (shapeshifter) (Vaults:1)
  A tengu warrior (D:14)
  An orc high priest (Elf:1)
  17 deep elf knights
  Sonja (D:13)
  10 deep trolls
  6 skeletal warriors (Vaults:2)
  3 spriggan druids
  3 unseen horrors
  2 shadow wraiths (Vaults:4)
  9 swamp dragons
  An unseen horror (shapeshifter) (Elf:2)
  A storm dragon skeleton (Vaults:2)
  8 deep elf archers
  A glowing orange brain (Vaults:3)
  A lindwurm (Lair:3)
  5 wizards
  19 ironbrand convokers
  14 orc knights
  An obsidian statue (Vaults:4)
  A necromancer (Depths:1)
  7 harpies (Vaults:1)
  3 orc sorcerers
  35 wolf spiders
  17 orb spiders
  29 ugly things
  45 deep elf magi
  4 oklob plants
  9 cyclopes
  A moth of wrath (shapeshifter) (D:13)
  2 fire giant skeletons
  A moth of wrath (Spider:2)
  A manticore (D:15)
  A stone giant skeleton (Depths:1)
  4 torpor snails
  5 black mambas
  6 vault sentinels
  11 elephants
  2 molten gargoyles (Gauntlet)
  25 spiny frogs
  A spiny frog (shapeshifter) (Vaults:4)
  4 gargoyles
  2 kobold demonologists (D:14)
  2 rime drakes
  2 yaktaur skeletons
  A redback zombie (D:15)
  40 yaktaurs
  12 komodo dragons
  6 freezing wraiths
  A yaktaur (shapeshifter) (Vaults:2)
  14 demonic crawlers
  3 meliai (Spider:2)
  A tengu conjurer (D:13)
  32 jumping spiders
  33 slime creatures
  A queen bee (Spider:2)
  17 hornets
  11 trolls
  A bog body (Swamp:2)
  A raiju (shapeshifter) (D:15)
  19 blink frogs
  17 tyrant leeches
  A stone giant simulacrum (Vaults:2)
  A blink frog (shapeshifter) (Vaults:1)
  A meliai zombie (D:13)
  A hippogriff (shapeshifter) (D:14)
  A wind drake (shapeshifter) (Vaults:2)
  2 air elementals (Elf:2)
  7 dream sheep (Lair:5)
  15 hippogriffs
  53 redbacks
  Sigmund (D:4)
  3 centaur simulacra
  4 wyverns
  A redback (shapeshifter) (Vaults:1)
  6 spriggans
  31 tarantellas
  An ice dragon skeleton (Depths:1)
  4 wraiths
  9 yaks
  A vampire (D:15)
  An ettin skeleton (Vaults:2)
  A water elemental (Elf:2)
  7 basilisks
  3 fire elementals
  A steam dragon (D:9)
  14 vampire mosquitoes
  2 hungry ghosts
  3 wargs
  16 swamp worms
  A naga (shapeshifter) (Elf:1)
  5 acid dragons
  9 insubstantial wisps
  13 water moccasins
  A floating eye (Depths:1)
  33 orc warriors
  3 phantoms
  9 porcupines
  A black bear (D:10)
  A spriggan simulacrum (Depths:1)
  9 swamp drakes
  4 ice beasts
  4 sky beasts
  An eye of draining (D:12)
  A necrophage (D:12)
  41 wolves
  51 ogres
  7 boggarts
  A wolf (shapeshifter) (Elf:2)
  5 centaurs
  2 elf skeletons (Vaults:2)
  14 crocodiles
  2 orc skeletons (Vaults:2)
  28 bullfrogs
  2 earth elementals
  A spiny frog simulacrum (Gauntlet)
  4 human skeletons (Vaults:2)
  2 wyvern skeletons
  2 scorpions
  20 killer bees
  6 electric eels
  14 wights
  A vampire bat (D:13)
  8 howler monkeys
  9 crimson imps
  4 bullfrog zombies
  5 centaur zombies
  A quasit (D:6)
  12 orc priests
  4 hounds
  A human simulacrum (Vaults:2)
  4 jellies
  5 centaur skeletons
  A gnoll shaman (D:5)
  4 bullfrog skeletons
  19 orc wizards
  4 iguanas
  13 worker ants
  A worker ant zombie (D:10)
  8 gnolls
  A howler monkey skeleton (D:8)
  16 adders
  8 shadow imps
  3 white imps (Gauntlet)
  11 oozes
  2 adder zombies
  3 adder skeletons
  8 worms
  A worm (shapeshifter) (Vaults:1)
  A dart slug (D:2)
  10 leopard geckos
  113 orcs
  A ball python (D:6)
  2 giant cockroaches
  5 goblins
  A hobgoblin (D:2)
  17 jackals
  3 quokkas (D:7)
  17 bats
  7 frilled lizards
  13 kobolds
  A quokka skeleton (D:8)
  A quokka zombie (D:6)
  2 rats
  5 plants
1643 creatures vanquished.

Vanquished Creatures (others)
  A wizard (D:7)
  A redback (Spider:4)
  15 fungi
  48 plants
65 creatures vanquished.

Grand Total: 1708 creatures vanquished

Notes
Turn   | Place    | Note
-------+----------+-------------------------------------------
     0 | D:1      | Majang the Gargoyle Earth Elementalist began the quest for
                  | the Orb.
     0 | D:1      | Reached XP level 1. HP: 10/10 MP: 3/3
   607 | D:1      | Reached XP level 2. HP: 15/15 MP: 2/5
  1347 | D:1      | Reached skill level 3 in Spellcasting
  1347 | D:1      | Reached XP level 3. HP: 18/19 MP: 3/7
  1399 | D:2      | Found a glowing golden altar of the Shining One.
  1699 | D:2      | Reached XP level 4. HP: 24/24 MP: 6/9
  1704 | D:2      | Learned a level 3 spell: Stone Arrow
  1898 | D:2      | Found a shattered altar of Ashenzari.
  2224 | D:3      | Found a basalt altar of Yredelemnul.
  2227 | D:3      | Noticed an ogre
  2261 | D:3      | Found a faded altar of an unknown god.
  2293 | D:3      | Killed an ogre
  2293 | D:3      | Reached skill level 4 in Spellcasting
  2293 | D:3      | Reached skill level 1 in Conjurations
  2293 | D:3      | Reached XP level 5. HP: 28/28 MP: 4/11
  2300 | D:3      | Learned a level 5 spell: Lee's Rapid Deconstruction
  2484 | D:3      | Reached skill level 5 in Earth Magic
  2751 | D:3      | Found a blossoming altar of Fedhas.
  3183 | D:4      | Noticed Sigmund
  3190 | D:4      | Identified the +8 chain mail of the Equinox {rC++ Regen+
                  | SInv Stlth-}
  3192 | D:4      | Killed Sigmund
  3192 | D:4      | Reached XP level 6. HP: 26/32 MP: 5/13
  3509 | D:4      | Reached skill level 5 in Spellcasting
  3524 | D:4      | Reached XP level 7. HP: 28/36 MP: 8/14
  3887 | D:4      | Found a shadowy altar of Dithmenos.
  4464 | D:5      | Entered Level 5 of the Dungeon
  4687 | D:5      | Reached skill level 6 in Spellcasting
  4941 | D:5      | Reached XP level 8. HP: 36/41 MP: 14/17
  4962 | D:5      | Found a glowing drain.
  4980 | Sewer    | Entered a sewer
  6771 | D:6      | Reached skill level 1 in Armour
  6773 | D:6      | Reached skill level 1 in Fighting
  6773 | D:6      | Reached skill level 1 in Maces & Flails
  6896 | D:6      | Reached skill level 7 in Spellcasting
  7022 | D:5      | Reached skill level 5 in Conjurations
  7335 | D:6      | Reached skill level 1 in Shields
  7335 | D:6      | Reached XP level 9. HP: 48/48 MP: 12/19
  7875 | D:7      | Found a bloodstained altar of Trog.
  7876 | D:7      | Noticed a wizard
  7881 | D:7      | Killed a wizard
  7925 | D:7      | Found a snail-covered altar of Cheibriados.
  7927 | D:7      | Found a staircase to the Ecumenical Temple.
  7938 | Temple   | Entered the Ecumenical Temple
  8000 | Temple   | Became a worshipper of Vehumet
  9062 | D:7      | Reached skill level 8 in Spellcasting
  9325 | D:7      | Learned a level 3 spell: Conjure Flame
  9420 | D:8      | Noticed a two-headed ogre
  9429 | D:8      | Killed a two-headed ogre
  9429 | D:8      | Reached skill level 1 in Fire Magic
  9429 | D:8      | Reached XP level 10. HP: 21/56 MP: 3/22
  9434 | D:8      | Reached * piety under Vehumet
  9434 | D:8      | Offered knowledge of Freeze by Vehumet.
  9839 | D:8      | Noticed an elephant
  9946 | D:8      | Killed an elephant
 10415 | D:8      | Gained mutation: Scrolls take you a little longer to read.
                  | [potion of mutation]
 10415 | D:8      | Gained mutation: You have a pair of small horns on your
                  | head. [potion of mutation]
 10415 | D:8      | Gained mutation: Armour fits poorly on your strangely
                  | shaped body. [potion of mutation]
 10415 | D:8      | Gained mutation: You possess an exceptional clarity of
                  | mind. [potion of mutation]
 10652 | D:8      | Found a staircase to the Lair.
 10813 | Lair:1   | Entered Level 1 of the Lair of Beasts
 11055 | Lair:1   | Noticed a spiny frog
 11061 | Lair:1   | Killed a spiny frog
 11105 | Lair:1   | Reached skill level 9 in Spellcasting
 11746 | Lair:2   | Noticed Harold
 11787 | Lair:2   | Killed Harold
 11787 | Lair:2   | Reached XP level 11. HP: 55/62 MP: 5/24
 11948 | Lair:2   | Reached skill level 1 in Evocations
 12000 | Lair:2   | Offered knowledge of Shock by Vehumet.
 12001 | Lair:2   | Reached ** piety under Vehumet
 12034 | Lair:2   | Reached skill level 5 in Fighting
 12146 | Lair:2   | Noticed a spriggan rider
 13083 | Lair:2   | Offered knowledge of Dazzling Spray by Vehumet.
 13086 | Lair:2   | Reached skill level 5 in Maces & Flails
 13250 | Lair:2   | Noticed an oklob plant
 13250 | Lair:2   | Noticed an oklob plant
 13252 | Lair:2   | Noticed an oklob plant
 13393 | Lair:2   | Found a hole to the Spider Nest.
 13393 | Lair:2   | Noticed an orb spider
 13438 | Lair:2   | Killed an orb spider
 13510 | Lair:2   | Identified Sif Muna's Almanac of Captivating Poison
 13746 | Lair:3   | Noticed a lindwurm
 13951 | Lair:3   | Killed a lindwurm
 13951 | Lair:3   | Reached *** piety under Vehumet
 14157 | Lair:3   | Reached XP level 12. HP: 54/69 MP: 18/25
 14797 | Lair:3   | Reached skill level 10 in Spellcasting
 14826 | Lair:3   | Reached skill level 5 in Dodging
 15694 | Lair:4   | Reached skill level 10 in Earth Magic
 15964 | Lair:4   | Offered knowledge of Fulminant Prism by Vehumet.
 16209 | Lair:4   | Found a staircase to the Swamp.
 16654 | Lair:4   | Noticed Raghazun's ghost (journeyman NaEn)
 16661 | Lair:4   | Found a transporter.
 16680 | Lair:4   | Found a transporter.
 17097 | Lair:4   | Killed Raghazun's ghost
 17238 | Lair:4   | Reached skill level 5 in Fire Magic
 17390 | Lair:5   | Found a staircase to the Slime Pits.
 17390 | Lair:5   | Found a viscous altar of Jiyva.
 17460 | Lair:5   | Reached skill level 5 in Armour
 17835 | Lair:5   | Noticed a four-headed hydra
 17881 | Lair:5   | Killed a four-headed hydra
 17881 | Lair:5   | Reached XP level 13. HP: 76/76 MP: 26/27
 18332 | Lair:5   | Reached skill level 1 in Staves
 18994 | Lair:6   | Entered Level 6 of the Lair of Beasts
 18995 | Lair:6   | Reached **** piety under Vehumet
 19295 | Lair:5   | Reached skill level 11 in Spellcasting
 19393 | Lair:5   | Offered knowledge of Iskenderun's Battlesphere by Vehumet.
 21391 | Lair:6   | Reached skill level 5 in Evocations
 21391 | Lair:6   | Gained mutation: Your large and strong wings let you fly
                  | indefinitely. [Gargoyle growth]
 21391 | Lair:6   | Reached XP level 14. HP: 83/83 MP: 14/29
 21393 | Lair:6   | Reached ***** piety under Vehumet
 21604 | Lair:6   | Identified a scroll of acquirement
 21611 | Lair:6   | Learned a level 5 spell: Borgnjor's Vile Clutch
 21663 | Lair:6   | Offered knowledge of Bolt of Draining by Vehumet.
 22971 | D:9      | Found Cerif's Distillery.
 23229 | D:10     | Entered Level 10 of the Dungeon
 23549 | D:10     | Found Aroali's Antique Armour Shop.
 23557 | D:10     | Bought a pair of embroidered gloves for 270 gold pieces
 23751 | D:11     | Found Weenised's General Store.
 23867 | D:11     | Got a heavy robe
 23870 | D:11     | Identified the +1 robe of Dim Light {Slay+2} (You found it
                  | on level 11 of the Dungeon)
 24860 | D:12     | Noticed Nessos
 24871 | D:12     | Killed Nessos
 25181 | D:12     | Reached skill level 1 in Necromancy
 25282 | D:12     | Found a roughly hewn altar of Beogh.
 25282 | D:12     | Found a staircase to the Orcish Mines.
 25662 | D:12     | Offered knowledge of Force Lance by Vehumet.
 25848 | Orc:1    | Entered Level 1 of the Orcish Mines
 25848 | Orc:1    | Found Wiehabre's Weapon Shop.
 25991 | Orc:1    | Found Jeq Dipra's Assorted Antiques.
 25999 | Orc:1    | Bought a scroll labeled GAZIKY OLEAMM for 28 gold pieces
 26028 | Orc:1    | Found Bel Utautz's Distillery.
 26042 | Orc:1    | Reached skill level 12 in Spellcasting
 26071 | Orc:1    | Found Fufos's Book Boutique.
 26078 | Orc:1    | Bought a book of Power for 540 gold pieces
 26084 | Orc:1    | Learned a level 5 spell: Bolt of Magma
 26091 | Orc:1    | Learned a level 6 spell: Iron Shot
 26245 | Orc:1    | Found Jijeawol's Magic Scroll Boutique.
 26267 | Orc:1    | Bought 2 scrolls of enchant armour for 240 gold pieces
 26405 | Orc:2    | Entered Level 2 of the Orcish Mines
 26406 | Orc:2    | Upgraded the game from 0.23-a0-767-gdc19b93d68 to
                  | 0.24-a0-3-g5a199981cb
 26472 | Orc:2    | Paralysed by an ogre mage for 6 turns
 26517 | Orc:2    | Found a staircase to the Elven Halls.
 26527 | Orc:2    | Noticed Rupert
 26533 | Orc:2    | Paralysed by Rupert for 7 turns
 26541 | Orc:2    | Killed Rupert
 26541 | Orc:2    | Reached skill level 10 in Conjurations
 26629 | Orc:2    | Found a gate leading to a gauntlet.
 26638 | Gauntlet | Entered a Gauntlet
 26638 | Gauntlet | Found a transporter.
 26647 | Gauntlet | Found a transporter.
 26649 | Gauntlet | Found a transporter.
 26651 | Gauntlet | Found a transporter.
 26666 | Gauntlet | Found a transporter.
 26682 | Gauntlet | Found a transporter.
 26689 | Gauntlet | Found a transporter.
 26704 | Gauntlet | Found a transporter.
 26723 | Gauntlet | Found a transporter.
 26735 | Gauntlet | Found a transporter.
 26747 | Gauntlet | Found a transporter.
 26759 | Gauntlet | Found a transporter.
 26771 | Gauntlet | Found a transporter.
 26771 | Gauntlet | Noticed a balrug
 26794 | Gauntlet | Found a transporter.
 26807 | Gauntlet | Found a transporter.
 26809 | Gauntlet | Found a transporter.
 26837 | Gauntlet | Found a transporter.
 26839 | Gauntlet | Found a transporter.
 27248 | Gauntlet | Reached XP level 15. HP: 89/89 MP: 12/31
 27319 | Gauntlet | Got a twitching iron ring
 27322 | Gauntlet | Identified the ring "Qerus" {rElec rPois} (You found it in
                  | a Gauntlet)
 27429 | Gauntlet | Got a twisted cloak
 27434 | Gauntlet | Identified the +0 cloak "Fuzici" {*Slow rPois rN+ Regen+}
                  | (You found it in a Gauntlet)
 27821 | Orc:2    | Offered knowledge of Fireball by Vehumet.
 27830 | Orc:2    | Learned a level 5 spell: Fireball
 28020 | Orc:2    | Reached skill level 5 in Staves
 28469 | Orc:2    | Found Zumuniupn's Weapon Shop.
 28469 | Orc:2    | Found Sooga's Antique Weapon Shoppe.
 28472 | Orc:2    | Found Pabuych's Armour Shoppe.
 28472 | Orc:2    | Found Gaan's Antique Armour Boutique.
 28486 | Orc:2    | Bought a scarf of resistance for 448 gold pieces
 28747 | Spider:1 | Entered Level 1 of the Spider Nest
 28901 | Spider:1 | Offered knowledge of Irradiate by Vehumet.
 29101 | Spider:1 | Killed a ghost moth
 29247 | Spider:1 | Noticed an emperor scorpion
 29259 | Spider:1 | Killed an emperor scorpion
 29756 | Spider:2 | Reached XP level 16. HP: 92/96 MP: 18/32
 29978 | Spider:2 | Reached skill level 13 in Spellcasting
 31201 | Spider:3 | Reached ****** piety under Vehumet
 31419 | Spider:3 | Offered knowledge of Bolt of Cold by Vehumet.
 31796 | Swamp:1  | Entered Level 1 of the Swamp
 32114 | Swamp:1  | Reached skill level 10 in Fighting
 32425 | Swamp:1  | Got a fine ivory ring
 32997 | Swamp:2  | Noticed a thorn hunter
 33002 | Swamp:2  | Killed a thorn hunter
 33644 | Swamp:2  | Identified the ring "Zutut" {rCorr rN+} (You found it on
                  | level 1 of the Swamp)
 33780 | Swamp:3  | Found a shimmering altar of Xom.
 34044 | Swamp:3  | Reached XP level 17. HP: 102/102 MP: 34/34
 34556 | Swamp:4  | Entered Level 4 of the Swamp
 34688 | Swamp:4  | Reached skill level 5 in Necromancy
 34795 | Swamp:3  | Offered knowledge of Poison Arrow by Vehumet.
 35109 | Swamp:4  | Reached skill level 14 in Spellcasting
 35917 | Swamp:4  | Offered knowledge of Conjure Ball Lightning by Vehumet.
 36121 | Swamp:4  | Got a decaying rune of Zot
 36522 | Spider:4 | Entered Level 4 of the Spider Nest
 36522 | Spider:4 | Noticed Arachne
 36903 | Spider:4 | Killed Arachne
 37149 | Spider:4 | Reached XP level 18. HP: 110/110 MP: 0/36
 37733 | Spider:4 | Offered knowledge of Lehudib's Crystal Spear by Vehumet.
 37733 | Spider:4 | Offered knowledge of Glaciate by Vehumet.
 37733 | Spider:4 | Offered knowledge of Ignition by Vehumet.
 37885 | Spider:3 | Reached skill level 10 in Fire Magic
 38641 | Spider:4 | Noticed Agnes
 38645 | Spider:4 | Killed Agnes
 38849 | Spider:4 | Got a gossamer rune of Zot
 39179 | Orc:1    | Bought 2 potions of magic for 224 gold pieces
 39179 | Orc:1    | Bought 2 potions of flight for 84 gold pieces
 39179 | Orc:1    | Bought a potion of heal wounds for 70 gold pieces
 39179 | Orc:1    | Bought a potion of mutation for 112 gold pieces
 39179 | Orc:1    | Bought a potion of heal wounds for 70 gold pieces
 39179 | Orc:1    | Bought 2 potions of brilliance for 112 gold pieces
 39179 | Orc:1    | Bought a potion of agility for 56 gold pieces
 39179 | Orc:1    | Lost mutation: Scrolls take you a little longer to read.
                  | [potion of mutation]
 39179 | Orc:1    | Lost mutation: Armour fits poorly on your strangely shaped
                  | body. [potion of mutation]
 39179 | Orc:1    | Gained mutation: You have an increased reservoir of magic.
                  | (+10% MP) [potion of mutation]
 39179 | Orc:1    | Gained mutation: You are surrounded by a mild repulsion
                  | field. (EV +2) [potion of mutation]
 39246 | D:13     | Found Vuabodif's Assorted Antiques.
 39248 | D:13     | Noticed Erolcha
 39252 | D:13     | Killed Erolcha
 39356 | D:13     | Noticed Sonja
 39357 | D:13     | Killed Sonja
 39797 | D:13     | Found a gate to the Vaults.
 39893 | D:13     | Noticed Snorg
 39900 | D:13     | Killed Snorg
 40125 | D:13     | Identified the cursed +1 chain mail "Hifruwan" {+Fly}
 40284 | D:13     | Found a burning altar of Makhleb.
 40307 | D:13     | Identified the Reference Book on Gliding Shape Shifting
 40316 | D:13     | Got a warped ring mail
 40317 | D:13     | Identified the +1 ring mail of Hopscotch {Str+3} (You found
                  | it on level 13 of the Dungeon)
 40426 | D:13     | Upgraded the game from 0.24-a0-3-g5a199981cb to
                  | 0.24-a0-7-g1bb0902669
 41281 | D:15     | Entered Level 15 of the Dungeon
 41281 | D:15     | Found a runed translucent gate.
 41281 | D:15     | Found a runed translucent gate.
 41281 | D:15     | Found a runed translucent gate.
 41299 | D:15     | Noticed Edif's ghost (adept DrFE)
 41382 | D:15     | Reached skill level 15 in Spellcasting
 41586 | D:15     | Reached XP level 19. HP: 100/116 MP: 15/41
 41845 | D:15     | Found a staircase to the Depths.
 42233 | D:15     | Found a deep blue altar of Sif Muna.
 42396 | D:15     | Learned a level 2 spell: Blink
 42494 | Elf:1    | Entered Level 1 of the Elven Halls
 42574 | Elf:1    | Reached skill level 1 in Translocations
 42680 | Elf:1    | Identified the Catalogue of Battle Magic
 43133 | Elf:1    | Found Gubev's Food Shop.
 43793 | Elf:2    | Found a huge runed translucent gate.
 43793 | Elf:2    | Found a huge runed translucent gate.
 43793 | Elf:2    | Found a huge runed translucent gate.
 43793 | Elf:2    | Found a huge runed translucent gate.
 43793 | Elf:2    | Found a huge runed translucent gate.
 44439 | Lair:1   | Identified Lehudib's Catalogue of Ashen Confrontation (You
                  | acquired it on level 1 of the Lair of Beasts)
 44556 | Vaults:1 | Entered Level 1 of the Vaults
 44870 | Vaults:1 | Reached skill level 10 in Dodging
 45102 | Vaults:1 | Reached skill level 10 in Evocations
 45102 | Vaults:1 | Reached XP level 20. HP: 103/123 MP: 33/43
 45143 | Vaults:1 | Identified Sif Muna's Grimoire of Transformation and
                  | Intoxication
 46346 | Vaults:2 | Reached skill level 16 in Spellcasting
 46352 | Vaults:2 | Reached skill level 15 in Earth Magic
 46536 | Vaults:2 | Found Kacadeze's Antique Weapon Boutique.
 46855 | Vaults:2 | Noticed Boris
 46881 | Vaults:2 | Killed Boris
 47698 | Vaults:2 | Found a staircase to the Crypt.
 47844 | Vaults:2 | Found a portal to a secret trove of treasure.
 48774 | D:13     | Bought a hardcover book for 480 gold pieces
 48774 | D:13     | Bought a graven book for 480 gold pieces
 48978 | Vaults:3 | Reached skill level 5 in Translocations
 49264 | Vaults:3 | Reached XP level 21. HP: 80/129 MP: 34/45
 50092 | Vaults:3 | Found Borphahi's Assorted Antiques.
 50958 | Vaults:4 | Noticed Boris
 50963 | Vaults:4 | Killed Boris
 51402 | Vaults:4 | Reached skill level 17 in Spellcasting
 53117 | Elf:2    | Reached XP level 22. HP: 136/136 MP: 45/47
 53852 | Depths:1 | Entered Level 1 of the Depths
 53992 | Depths:1 | Identified Ubludua's Disquisition on Air
 54293 | Depths:1 | Noticed Boris
 54302 | Depths:1 | Killed Boris
 54447 | Depths:1 | Found a gateway to a ziggurat.
 54740 | Depths:1 | Found a gateway to Hell.
 54741 | Depths:1 | Found Assat's Food Emporium.
 55035 | Depths:2 | Noticed Boris
 55041 | Depths:2 | Killed Boris
 55142 | Depths:2 | Reached skill level 15 in Conjurations
 55150 | Depths:2 | Noticed a caustic shrike
 55153 | Depths:2 | Noticed a caustic shrike
 55154 | Depths:2 | Noticed a caustic shrike
 55155 | Depths:2 | Noticed a caustic shrike
 55155 | Depths:2 | Noticed a caustic shrike
 55160 | Depths:2 | Killed a caustic shrike
 55162 | Depths:2 | HP: 5/136 [acid (9)]
 55162 | Depths:2 | Annihilated by a caustic shrike

Vault maps used:
D:1:      minmay_arrival_stone_box, serial_forest,
          infiniplex_forest_lined_room_3, infiniplex_forest_zigzag_1,
          infiniplex_forest_3_way, infiniplex_forest_clump_small,
          infiniplex_forest_lined_room_3, infiniplex_forest_lined_room_,
          infiniplex_forest_straight_1, roderic_lattice_a
D:2:      lemuel_round_altar, lemuel_crystal_altar
D:3:      yredelemnul_altar_generic, fedhas_altar_fruit_tree,
          chequers_ecumenical_altar_simple_redux
D:4:      kennysheep_mini, first_ration, uniq_sigmund
D:5:      portal_sewer_entry_d
D:7:      wad_lake_hut, cheibriados_altar_1, minmay_temple_entry_large_hall,
          trog_wizard
D:8:      david_lair_generic
D:9:      serial_shops, nicolae_shop_waterfront, hangedman_little_slice_of_home
D:10:     serial_shops, shop
D:11:     serial_shops, shop
D:12:     david_orc_5, serial_curves, eino_curves_02, eino_curves_03,
          uniq_nessos
D:13:     minmay_the_grid_triangle_9x9_line_8_mashed, erik_vaults_1,
          serial_shops, shop, roderic_batcave, patterned_corridor, uniq_snorg,
          uniq_erolcha, uniq_sonja
D:15:     hangedman_depths_entry_civil_slaughter, gammafunk_ghost_necromancy,
          lemuel_blue_sif_altar
Temple:   nicolae_temple_elliptical
Lair:2:   nicolae_spider_entry_orb_guardian, grunt_forest_large_clearings,
          grunt_megastairs_5, minmay_lair_oklob_chamber, uniq_harold
Lair:3:   serial_bayou_shore_b
Lair:4:   minmay_swamp_entry_worms, gammafunk_ghost_arena, st_stairs_6,
          kennysheep_basilisk_garden
Lair:5:   slime_altar_1, serial_bayou_shore_b
Lair:6:   minmay_lair_end_frog_pond, infiniplex_staircase_pool
Swamp:1:  serial_swamp_ruin, evilmike_swamp_ruin_rubble_2,
          evilmike_swamp_ruin_rubble_1
Swamp:2:  evilmike_swamp_ruin_house_1
Swamp:3:  basic_altar
Swamp:4:  swamp, swamp_pool2
Spider:1: drop_trap
Spider:2: nicolae_looking_at_the_future
Spider:4: grunt_spider_rune_island, uniq_arachne, uniq_agnes
Orc:1:    serial_shops, nicolae_shop_waterfront, shop_fountains, shop, shop,
          nicolae_shop_overgrown_old_shop
Orc:2:    st_orc_ogre_mass, gauntlet_entry_generic, uniq_rupert
Elf:1:    eino_elf_arrival_sip, serial_shops, shop, minmay_elf_annihilation
Vaults:1: v_misc_5, grunt_vaults_focal, hangedman_vaults_capsules,
          nicolae_vaults_little_squares_1, ontoclasm_vaults_claustrophobia,
          ontoclasm_vaults_loading_screen, vaults_mumra_minichess_inversion,
          vaults_room_hangedman_quadrants, v_misc_27, hangedman_vaults_corner,
          v_misc_5, ontoclasm_vaults_twist, vaults_room_door_ring
Vaults:2: ontoclasm_vaults_pinch, v_misc_5, vaults_room_fours,
          nicolae_vaults_meeting, nicolae_vaults_network_square, v_misc_10,
          vaults_room_door_ring, v_rooms_3, nicolae_vaults_gold_heap,
          nicolae_vaults_arrows, minmay_crypt_entry_skeletal_spiral,
          vaults_dpeg_encased_lava, vaults_room_stairs_pillars,
          vaults_room_large_hall, serial_shops, shop,
          nicolae_trove_entry_free_sample, uniq_boris
Vaults:3: ontoclasm_vaults_hangar, v_pattern_4, vaults_room_large_hall,
          vaults_room_mumra_shop_pool, serial_ice_g, vaults_room_door_ring,
          grunt_vaults_funnel, nicolae_vaults_border_crossing,
          vaults_room_pools, vaults_room_pools, nicolae_vaults_mini_display_case
Vaults:4: nicolae_vaults_network_periphery, nicolae_vaults_statue_guard,
          v_misc_12, nicolae_vaults_circle_grid_b, v_pattern_1,
          vaults_room_pools, v_misc_19, nicolae_vaults_asterisk, v_misc_13,
          nicolae_vaults_little_squares_2, hangedman_vaults_trim,
          vaults_mumra_lcd
Depths:1: minmay_ambush_box, enter_ziggurat_d, hell_entry,
          hangedman_decor_riveting, serial_shops, shop,
          minmay_misc_feat_nine_boxes, chequers_serial_rivers_micro_c,
          minmay_fractal_squares_diagonal_5
Depths:2: gold_lair_mu, abyss_entry, hangedman_tar_grid_catacomb,
          serial_sigils_hangedman_quiver, serial_shops, nicolae_shop_trees,
          minmay_staircase_windowed_small, uniq_asterion
Sewer:    sewer_fruit_machine
Gauntlet: gammafunk_gauntlet_one_two_three

Skill      XL: |  1  2  3  4  5  6  7  8  9 10 11 12 13 14 15 16 17 18 19 20 21 22 |
---------------+-------------------------------------------------------------------+-----
Earth Magic    | 4 5 6 7 8 9 10 11 12 13 14 15 16 | 16.5
Spellcasting   | 3 4 5 6 7 8 9 10 11 12 13 14 15 16 17 | 17.8
Conjurations   | 1 2 4 5 6 7 8 9 10 11 12 13 14 15 | 15.0
Armour         | 1 2 3 5 6 |  6.0
Fighting       | 1 3 4 5 6 7 8 9 10 11 12 13 | 13.7
Maces & Flails | 1 3 4 5 6 |  6.2
Dodging        | 2 3 4 5 6 7 8 9 10 11 | 11.1
Shields        | 1 3 4 |  4.0
Fire Magic     | 1 3 4 5 6 7 8 9 10 11 12 13 | 13.0
Evocations     | 2 3 5 6 7 8 9 10 | 10.0
Staves         | 3 4 5 6 |  6.8
Necromancy     | 2 3 4 5 6 7 |  7.0
Translocations | 3 5 6 7 |  7.0
Stealth        | |  2.1
Transmutations | |  0.7

Action                   |  1- 3 |  4- 6 |  7- 9 | 10-12 | 13-15 | 16-18 | 19-21 | 22-24 || total
-------------------------+-------+-------+-------+-------+-------+-------+-------+-------++-------
Melee: Club              |    56 |     9 |       |       |       |       |       |       ||    65
       Mace              |       |    31 |       |       |       |       |       |       ||    31
       Whip              |       |    13 |   242 |   159 |   219 |    38 |    35 |       ||   706
       Headbutt          |       |       |       |    16 |    25 |    14 |     8 |       ||    63
       Staff             |       |       |       |       |     1 |    35 |     5 |       ||    41
Throw: Stone             |       |       |       |       |       |     1 |       |       ||     1
 Cast: Sandblast         |    21 |    28 |    47 |   101 |   185 |   178 |     7 |       ||   567
       Stone Arrow       |       |    11 |   111 |   241 |   331 |   152 |    14 |       ||   860
       Lee's Rapid Decon |       |       |     3 |    19 |   108 |   100 |   223 |    61 ||   514
       Conjure Flame     |       |       |       |     1 |     7 |       |       |       ||     8
       Bolt of Magma     |       |       |       |       |    53 |   135 |   101 |    15 ||   304
       Iron Shot         |       |       |       |       |     9 |    87 |    70 |    14 ||   180
       Borgnjor's Vile C |       |       |       |       |     4 |     8 |       |       ||    12
       Fireball          |       |       |       |       |    21 |   242 |   204 |    15 ||   482
 Abil: Fly               |       |       |       |       |     1 |       |       |       ||     1
Evoke: Wand              |       |       |       |     4 |     5 |    10 |     5 |     1 ||    25
  Use: Scroll            |       |       |    10 |    11 |    22 |     9 |    11 |     1 ||    64
       Potion            |       |       |     1 |     6 |     3 |     5 |     1 |       ||    16
 Stab: Distracted        |       |       |       |     1 |       |       |       |       ||     1
       Sleeping          |       |       |       |       |     1 |       |       |       ||     1
  Eat: Chunk             |     3 |     2 |    21 |    25 |    43 |    62 |    47 |     7 ||   210
       Ration            |       |     1 |       |     1 |     5 |     9 |     2 |       ||    18
Armor: Robe              |    30 |    28 |   130 |    11 |    41 |       |    39 |    11 ||   290
       Leather armour    |       |       |    13 |   135 |    80 |       |       |       ||   228
       Troll leather arm |       |       |       |       |    73 |   370 |    15 |       ||   458
Dodge: Dodged            |    49 |    37 |   194 |   191 |   293 |   378 |    91 |    16 ||  1249
Block: Buckler           |       |       |     4 |   124 |   130 |   169 |    38 |     8 ||   473

Table legend:
 A = Non-vault XP
 B = Vault XP
 C = Vault XP percentage of total XP
 D = Non-vault monster count
 E = Vault monster count
 F = Vault count percentage of total count
                 A         B        C        D         E       F
            +---------+---------+-------+---------+---------+-------
      Total |  377380 |  275495 |  42.2 |    1077 |     561 |  34.2
            +---------+---------+-------+---------+---------+-------
        D:1 |      41 |       0 |   0.0 |      15 |       0 |   0.0
        D:2 |      67 |       0 |   0.0 |      13 |       0 |   0.0
        D:3 |     202 |       0 |   0.0 |      15 |       0 |   0.0
        D:4 |     333 |     227 |  40.5 |      20 |       1 |   4.8
        D:5 |     424 |      13 |   3.0 |      24 |       1 |   4.0
        D:6 |    1299 |       0 |   0.0 |      35 |       0 |   0.0
        D:7 |    1496 |       0 |   0.0 |      32 |       0 |   0.0
        D:8 |    2690 |    1000 |  27.1 |      29 |       4 |  12.1
        D:9 |     842 |     158 |  15.8 |      17 |       8 |  32.0
       D:10 |    1284 |       0 |   0.0 |      13 |       0 |   0.0
       D:11 |    2024 |       0 |   0.0 |      10 |       0 |   0.0
       D:12 |    6196 |    2940 |  32.2 |      29 |      24 |  45.3
       D:13 |    4159 |   10698 |  72.0 |      28 |      31 |  52.5
       D:14 |    7690 |       0 |   0.0 |      39 |       0 |   0.0
       D:15 |   17610 |    6596 |  27.2 |      48 |       7 |  12.7
     Temple |      54 |       0 |   0.0 |       1 |       0 |   0.0
     Lair:1 |    1200 |     261 |  17.9 |       8 |       2 |  20.0
     Lair:2 |    3664 |    7192 |  66.2 |      16 |      38 |  70.4
     Lair:3 |    6209 |       0 |   0.0 |      24 |       0 |   0.0
     Lair:4 |    2528 |    2601 |  50.7 |       9 |       7 |  43.8
     Lair:5 |    9843 |    4307 |  30.4 |      29 |      16 |  35.6
     Lair:6 |    7513 |    7806 |  51.0 |      26 |      33 |  55.9
    Swamp:1 |    6293 |       0 |   0.0 |      17 |       0 |   0.0
    Swamp:2 |   15970 |       0 |   0.0 |      39 |       0 |   0.0
    Swamp:3 |    8300 |     727 |   8.1 |      20 |       1 |   4.8
    Swamp:4 |   24306 |   17501 |  41.9 |      53 |      25 |  32.1
   Spider:1 |   13742 |       0 |   0.0 |      35 |       0 |   0.0
   Spider:2 |   16241 |    1893 |  10.4 |      42 |      15 |  26.3
   Spider:3 |   21929 |    4965 |  18.5 |      52 |       8 |  13.3
   Spider:4 |    9833 |   26694 |  73.1 |      25 |      36 |  59.0
      Orc:1 |    2087 |       0 |   0.0 |      17 |       0 |   0.0
      Orc:2 |    8528 |   23172 |  73.1 |      53 |      46 |  46.5
      Elf:1 |   15832 |    6469 |  29.0 |      29 |       9 |  23.7
      Elf:2 |   26105 |   22119 |  45.9 |      39 |      28 |  41.8
   Vaults:1 |   18222 |   29926 |  62.2 |      35 |      53 |  60.2
   Vaults:2 |   10342 |   49789 |  82.8 |      18 |      78 |  81.2
   Vaults:3 |   23932 |   19229 |  44.6 |      38 |      21 |  35.6
   Vaults:4 |   47096 |   15933 |  25.3 |      63 |      21 |  25.0
   Depths:1 |   19295 |    6506 |  25.2 |      19 |       9 |  32.1
   Depths:2 |   11959 |    2175 |  15.4 |       3 |       3 |  50.0
      Sewer |       0 |      81 | 100.0 |       0 |      24 | 100.0
   Gauntlet |       0 |    4517 | 100.0 |       0 |      12 | 100.0
            +---------+---------+-------+---------+---------+-------
